 Dungeon Crawl Stone Soup version 0.29-a0-824-gd827844252 (webtiles) character file.

Game seed: 2994101030567338610

203 jimonade the Shield-Bearer (level 5, -2/47 HPs)
             Began as a Gnoll Fighter on July 11, 2022.
             Slain by an ogre
             ... wielding a +0 giant club
              (15 damage)
             ... on level 3 of the Dungeon.
             The game lasted 00:07:28 (3876 turns).

jimonade the Shield-Bearer (Gnoll Fighter)          Turns: 3876, Time: 00:07:29

Health: -2/47      AC:  9    Str: 15    XL:     5   Next: 81%
Magic:  7/7        EV:  9    Int: 10    God:
Gold:   167        SH:  5    Dex: 11    Spells: 7/7 levels left

rFire   . . .      SeeInvis .   G - +0 trident
rCold   . . .      Faith    .   c - +0 buckler
rNeg    . . .      Spirit   .   i - +0 scale mail
rPois   .          Reflect  .   (no helmet)
rElec   .          Harm     .   (no cloak)
rCorr   +          Rampage  .   H - +0 pair of gloves
Will    .....                   (no boots)
Stlth   ..........              t - amulet of the acrobat
HPRegen 0.15/turn               n - ring of resist corrosion
MPRegen 0.10/turn               (no ring)

@: no status effects
A: fangs 1, strong nose, distributed training
a: no special abilities


You were on level 3 of the Dungeon.
You visited 1 branch of the dungeon, and saw 4 of its levels.

You collected 167 gold pieces.

Inventory:

Hand Weapons
 a - a +3 whip of draining
 b - a +0 sling
 j - a +0 whip
 z - a +0 hand axe
 A - a +0 flail
 C - a +0 longbow
 D - a +0 halberd
 E - a +0 spear
 G - a +0 trident (weapon)
 I - a +0 quarterstaff
Missiles
 k - 13 stones (quivered)
 l - 10 poisoned darts
 p - 2 javelins
Armour
 c - a +0 buckler (worn)
 i - a +0 scale mail (worn)
 x - a +0 leather armour
 F - a +0 robe
 H - a +0 pair of gloves (worn)
Jewellery
 n - a ring of resist corrosion (left hand)
 t - an amulet of the acrobat (around neck)
Wands
 B - a wand of flame (9)
Scrolls
 f - 2 scrolls of enchant weapon {unknown}
 g - a scroll of acquirement {unknown}
 o - 2 scrolls of identify {unknown}
 q - a scroll of brand weapon {unknown}
 r - a scroll of amnesia {unknown}
 y - a scroll of magic mapping {unknown}
Potions
 d - 2 potions of might
 e - a potion of heal wounds {unknown}
 h - a potion of haste {unknown}
 m - a potion of degeneration {unknown}
 s - a potion of curing
 u - 2 potions of brilliance {unknown}
 v - 2 potions of magic {unknown}
 w - a potion of invisibility {unknown}


   Skills:
 + Level 6.7 Fighting
 + Level 1.7 Short Blades
 + Level 1.7 Long Blades
 + Level 1.7 Axes
 + Level 1.7 Maces & Flails
 + Level 4.9 Polearms
 + Level 1.7 Staves
 + Level 1.7 Ranged Weapons
 + Level 1.7 Throwing
 + Level 6.7 Armour
 + Level 1.7 Dodging
 + Level 1.7 Stealth
 + Level 6.7 Shields
 + Level 1.7 Unarmed Combat
 + Level 1.7 Spellcasting
 + Level 1.3 Conjurations
 + Level 1.3 Hexes
 + Level 1.3 Summonings
 + Level 1.3 Necromancy
 + Level 1.3 Translocations
 + Level 1.3 Transmutations
 + Level 1.3 Fire Magic
 + Level 1.3 Ice Magic
 + Level 1.3 Air Magic
 + Level 1.3 Earth Magic
 + Level 1.3 Poison Magic
 + Level 2.0 Invocations
 + Level 1.7 Evocations


You had 7 spell levels left.
You didn't know any spells.
Your spell library contained the following spells:

 Spells                   Type           Power      Damage    Failure   Level
 Freeze                   Ice            12%        1d4       61%         1
 Frozen Ramparts          Ice            6%         1d2       93%         3
 Hailstorm                Conj/Ice       3%         3d3       100%        4


Dungeon Overview and Level Annotations

Branches:
Dungeon (4/15)
 Temple: D:4-7

Altars:
Nemelex Xobeh

Shops:
D:4 *


Innate Abilities, Weirdness & Mutations

You have very sharp teeth.
Your uncanny sense of smell can sniff out nearby items.
Your experience applies equally to all skills.


Message History

You block the orc's attack.
Reach: G) +0 trident
Press: ? - help, Dir - move target, f/p - ogre
Aim: an ogre, wielding a +0 giant club (lightly wounded, about 25% to evade your +0 trident)
The orc is in the way.
You puncture the orc!
You kill the orc!
Your Invocations skill increases to level 2!
You hit the ogre.
The ogre is moderately wounded.
The ogre barely misses you.
You hit the ogre. Your bite misses the ogre.
The ogre is moderately wounded.
The orc hits you from afar with a +0 trident.
You block the ogre's attack.
Reach: G) +0 trident
Press: ? - help, Dir - move target, f/p - ogre
Aim: an ogre, wielding a +0 giant club (moderately wounded, about 25% to evade your +0 trident)
You reach to attack!
You barely miss the ogre.
The ogre is moderately wounded.
The orc priest mumbles some strange prayers to Beogh against you.
Beogh smites you!
Okay, then.
The orc priest miscasts a cantrip.
There is a stone staircase leading up here.
You block the ogre's attack.
You climb upwards.
There is a stone staircase leading down here.
You closely miss the ogre.
The ogre is moderately wounded.
The ogre hits you with a +0 giant club!
* * * LOW HITPOINT WARNING * * *
You hit the ogre but do no damage.
The ogre is moderately wounded.
You hit the ogre but do no damage. You bite the ogre, but do no damage.
The ogre is moderately wounded.
You block the ogre's attack.
You puncture the ogre! You bite the ogre.
The ogre is heavily wounded.
The ogre hits you with a +0 giant club!
You die...

......#..#.#
#######..#.#######
..##.<#....#.....#
.....###...#.###.####
.###.# #...#........#
.....# #...#####.##.#
.###.# #...## #.##.#
####.###....####O##.#
................@##.#
#######.###.#######.#
# #.#...# #.# #
#.#...# #.# ##'#'#'##
#.# #.......# #.#
#.......######.#
######)......#......#
.............#.######


You could see an ogre.

Vanquished Creatures
  Ijyb (D:3)
  8 gnolls
  4 adders
  2 worms
  2 dart slugs (D:1)
  An orc (D:4)
  6 endoplasms
  3 giant cockroaches
  5 goblins
  2 hobgoblins (D:1)
  6 jackals
  A quokka (D:3)
  5 ball pythons
  6 bats
  A frilled lizard (D:1)
  5 kobolds
  A rat (D:3)
59 creatures vanquished.

Notes
Turn   | Place    | Note
-------+----------+-------------------------------------------
     0 | D:1      | jimonade the Gnoll Fighter began the quest for the Orb.
     0 | D:1      | Reached XP level 1. HP: 23/23 MP: 1/1
   195 | D:1      | Reached XP level 2. HP: 29/29 MP: 2/2
   757 | D:2      | Reached XP level 3. HP: 21/35 MP: 2/4
   917 | D:2      | Reached skill level 1 in Invocations
  1662 | D:2      | Reached skill level 1 in Short Blades
  1662 | D:2      | Reached skill level 1 in Long Blades
  1662 | D:2      | Reached skill level 1 in Axes
  1662 | D:2      | Reached skill level 1 in Maces & Flails
  1662 | D:2      | Reached skill level 1 in Staves
  1662 | D:2      | Reached skill level 1 in Ranged Weapons
  1662 | D:2      | Reached skill level 1 in Throwing
  1662 | D:2      | Reached skill level 1 in Dodging
  1662 | D:2      | Reached skill level 1 in Stealth
  1662 | D:2      | Reached skill level 1 in Unarmed Combat
  1662 | D:2      | Reached skill level 1 in Spellcasting
  1662 | D:2      | Reached skill level 1 in Evocations
  2142 | D:3      | Reached XP level 4. HP: 41/41 MP: 5/5
  2436 | D:3      | Noticed Ijyb
  2470 | D:3      | Killed Ijyb
  2471 | D:3      | Reached skill level 1 in Conjurations
  2471 | D:3      | Reached skill level 1 in Hexes
  2471 | D:3      | Reached skill level 1 in Summonings
  2471 | D:3      | Reached skill level 1 in Necromancy
  2471 | D:3      | Reached skill level 1 in Translocations
  2471 | D:3      | Reached skill level 1 in Transmutations
  2471 | D:3      | Reached skill level 1 in Fire Magic
  2471 | D:3      | Reached skill level 1 in Ice Magic
  2471 | D:3      | Reached skill level 1 in Air Magic
  2471 | D:3      | Reached skill level 1 in Earth Magic
  2471 | D:3      | Reached skill level 1 in Poison Magic
  2807 | D:3      | Reached XP level 5. HP: 20/47 MP: 5/7
  3501 | D:3      | Found a sparkling altar of Nemelex Xobeh.
  3797 | D:4      | Found Tujup's General Store.
  3808 | D:4      | Noticed an ogre
  3876 | D:3      | Slain by an ogre

Illustrated notes

Levels and vault maps discovered:
D:1:      lightli_arrival_chessboard, layout_basic
D:2:      layout_basic
D:3:      layout_basic, nemelex_spade_bored_becter, uniq_ijyb
D:4:      minmay_door_path, layout_basic, serial_shops, shop_fountains,
          chequers_serial_rivers_room_a

Skill      XL: |  1  2  3  4  5 |
---------------+----------------+-----
Invocations    | 1 2 |  2.0
Short Blades   | 1 |  1.7
Long Blades    | 1 |  1.7
Axes           | 1 |  1.7
Maces & Flails | 1 |  1.7
Staves         | 1 |  1.7
Ranged Weapons | 1 |  1.7
Throwing       | 1 |  1.7
Dodging        | 1 |  1.7
Stealth        | 1 |  1.7
Unarmed Combat | 1 |  1.7
Spellcasting   | 1 |  1.7
Evocations     | 1 |  1.7
Conjurations   | 1 |  1.3
Hexes          | 1 |  1.3
Summonings     | 1 |  1.3
Necromancy     | 1 |  1.3
Translocations | 1 |  1.3
Transmutations | 1 |  1.3
Fire Magic     | 1 |  1.3
Ice Magic      | 1 |  1.3
Air Magic      | 1 |  1.3
Earth Magic    | 1 |  1.3
Poison Magic   | 1 |  1.3
Fighting       | |  6.7
Polearms       | |  4.9
Armour         | |  6.7
Shields        | |  6.7

Action                   |  1- 3 |  4- 6 || total
-------------------------+-------+-------++-------
Melee: Trident           |   112 |   126 ||   238
       Bite              |    12 |    11 ||    23
       Whip              |       |    20 ||    20
 Fire: Sling             |    13 |     1 ||    14
Throw: Stone             |       |     1 ||     1
Armor: Scale mail        |    41 |    32 ||    73
Dodge: Dodged            |    30 |    54 ||    84
Block: Buckler           |    35 |    43 ||    78

Table legend: (Time is in decaauts)
 A = Elapsed time spent in this place.
 B = Non-inter-level travel time spent in this place.
 C = Inter-level travel time spent in this place.
 D = Time resting spent in this place.
 E = Time spent auto-exploring this place.
 F = Levels seen in this place.
 G = Mean time per level.
                   A        B        C        D        E       F      G
               +--------+--------+--------+--------+--------+-----+--------+
         Total |   3903 |   3824 |     79 |   1156 |   1736 |   4 |  975.8 |
       Dungeon |   3903 |   3824 |     79 |   1156 |   1736 |   4 |  975.8 |
               +--------+--------+--------+--------+--------+-----+--------+

Top non-repeatable levels by time:
     D:2: 1687 daAuts
     D:3: 1341 daAuts
     D:1: 732 daAuts
     D:4: 142 daAuts
